 Dungeon Crawl Stone Soup version 0.30.2 (webtiles) character file.

Game seed: 1430746937397112204

48 Tiocfaidh the Charlatan (level 3, -3/23 HPs)
             Began as a Vampire Artificer on Oct 27, 2023.
             Slain by a cerulean imp
             ... wielding a +1 spear
             ... summoned by Natasha
              (4 damage)
             ... on level 2 of the Dungeon on Feb 17, 2024.
             The game lasted 00:07:51 (1260 turns).

Tiocfaidh the Charlatan (Vampire Artificer)         Turns: 1260, Time: 00:07:52

Health: -3/23      AC:  3    Str: 13    XL:     3   Next: 50%
Magic:  12/12      EV: 12    Int: 13    God:
Gold:   59         SH:  0    Dex: 14    Spells: 2/2 levels left

rFire   . . .        o - +0 spear
rCold   . . .        (no shield)
rNeg    . . .        b - +0 leather armour
rPois   .            (no helmet)
rElec   .            (no cloak)
rCorr   .            (no gloves)
SInv    +            (no boots)
Will    .....        (no amulet)
Stlth   ++           a - ring of magical power
HPRegen 0.43/turn    (no ring)
MPRegen 0.13/turn

%: no passive effects
@: healing quickly, slowed, very slow
A: alive, fangs 3, see invisible, vampiric 2, [frail 1]
a: Exsanguinate


You were on level 2 of the Dungeon.
You visited 1 branch of the dungeon, and saw 2 of its levels.

You collected 59 gold pieces.

Inventory:

Hand Weapons
 o - a +0 spear (weapon)
Missiles
 k - 4 boomerangs (quivered)
Armour
 b - a +0 leather armour (worn)
Jewellery
 a - a ring of magical power (left hand)
Wands
 c - a wand of flame (14)
 d - a wand of charming (15)
 e - a wand of iceblast (5)
Scrolls
 h - a scroll of butterflies {unknown}
 i - a scroll of silence {unknown}
 j - a scroll of torment {unknown}
 l - 3 scrolls of vulnerability {unknown}
 m - a scroll of identify {unknown}
Potions
 f - a potion of brilliance {unknown}
 g - a potion of curing {unknown}
 n - a potion of lignification {unknown}


   Skills:
 + Level 1.0 Fighting
 + Level 0.9 Maces & Flails
 + Level 1.1 Armour
 + Level 2.6 Dodging
 + Level 2.9 Stealth
 + Level 3.1 Evocations


You had 2 spell levels left.
You didn't know any spells.
Your spell library contained the following spells:

 Spells                   Type           Power      Damage    Failure   Level
 Ignite Poison            Fire/Tmut/Pois 0%         N/A       75%         3
 Sticky Flame             Conj/Fire      0%         2d3       98%         4
 Ignition                 Fire           0%         3d3       100%        8


Dungeon Overview and Level Annotations

Branches:
Dungeon (2/15)

Altars:
Ashenzari

Shops:
D:1 =

Annotations:
D:2 Natasha


Innate Abilities, Weirdness & Mutations

Your natural rate of healing is accelerated.
You have razor-sharp teeth.
You have supernaturally acute eyesight. (SInv)
You are afflicted with vampirism and can become a bat while bloodless.
[You are frail. (-10% HP)]


Message History

Natasha hisses angrily.
Natasha claws you.
You barely miss Natasha. Natasha casts a spell at you.
You resist with some effort.
You closely miss Natasha.
Natasha casts a spell.
You closely miss Natasha. Your bite misses Natasha.
Natasha stares at you and mumbles some strange words.
You feel yourself slow down.
The cerulean imp hits you with a +2 spear.
Natasha closely misses you.
You hit Natasha.
Natasha is lightly wounded.
The cerulean imp barely misses you. Natasha claws you.
You hit Natasha.
Natasha is lightly wounded.
The cerulean imp hits you with a +2 spear.
Natasha completely misses you. The cerulean imp closely misses you.
Natasha claws you.
You closely miss Natasha.
Natasha is lightly wounded.
The cerulean imp hits you with a +2 spear.
* * * LOW HITPOINT WARNING * * *
Natasha closely misses you.
You hit Natasha but do no damage.
Natasha is lightly wounded.
The cerulean imp closely misses you. Natasha casts a spell at you.
You resist with some effort. The cerulean imp closely misses you.
Natasha hisses.
Natasha casts a spell.
You barely miss Natasha.
Natasha is lightly wounded.
The cerulean imp closely misses you. Natasha claws you but does no damage.
The cerulean imp hits you with a +2 spear.
* * * LOW HITPOINT WARNING * * *
Natasha casts a spell.
The cerulean imp hits you from afar with a +1 spear.
You die...

.## #†# .
#.# # #.#
#.# #.#
#.# #>#
.#######5#
....55h@.#
##########


You could see Natasha and 3 cerulean imps.

Vanquished Creatures
  A worm (D:2)
  2 dart slugs
  2 ball pythons
  4 bats (D:1)
  4 endoplasms (D:1)
  5 goblins
  5 hobgoblins
  4 quokkas
  5 frilled lizards
  6 rats
38 creatures vanquished.

Notes
Turn   | Place    | Note
-------+----------+-------------------------------------------
     0 | D:1      | Tiocfaidh the Vampire Artificer began the quest for the
                  | Orb.
     0 | D:1      | Reached XP level 1. HP: 14/14 MP: 1/1
    84 | D:1      | Reached skill level 3 in Evocations
   211 | D:1      | Reached XP level 2. HP: 12/20 MP: 2/2
   280 | D:1      | Found Qieh Afo's Jewellery Shoppe.
   341 | D:1      | Reached skill level 1 in Armour
   445 | D:1      | Upgraded the game from 0.30.1-11-g7821555f0a to 0.30.2
   765 | D:1      | Gained mutation: You are afflicted with vampirism and can
                  | become a bat while bloodless. [Vampire growth]
   765 | D:1      | Reached XP level 3. HP: 22/22 MP: 3/3
   870 | D:1      | Found a faded altar of an unknown god.
   928 | D:2      | Reached skill level 1 in Fighting
  1070 | D:2      | Found a broken altar of Ashenzari.
  1251 | D:2      | Noticed Natasha
  1260 | D:2      | HP: 1/23 [cerulean imp/+2 spear[Natasha] (4)]
  1260 | D:2      | Slain by a cerulean imp

Illustrated notes

Levels and vault maps discovered:
D:1:      evilmike_arrival_fibonacci_small, layout_basic,
          hellmonk_ecumenical_altar_inner_sanctum, serial_shops, shop
D:2:      layout_loops_ring, basic_altar,
          nicolae_concentric_dashed_squares_wild, uniq_terence, uniq_natasha

Skill      XL: |  1  2  3 |
---------------+----------+-----
Evocations     | 3 |  3.1
Armour         | 1 |  1.1
Stealth        | 2 |  2.9
Fighting       | 1 |  1.0
Maces & Flails | |  0.9
Dodging        | |  2.6

Action                     || total
---------------------------++-------
  Melee: Club              ||   101
         Bite              ||    15
         Punch             ||     1
         Spear             ||    23
  Throw: Boomerang         ||    13
Ability: Exsanguinate      ||     1
         Revivify          ||     1
  Evoke: Wand              ||     1
   Stab: Sleeping          ||     7
 Armour: Leather armour    ||    44
  Dodge: Dodged            ||    90
